 Dungeon Crawl Stone Soup version 0.29.1-15-g9cfb28693d (webtiles) character file.

Game seed: 14455398540176115122

338 firemarshallily the Cudgeller (level 6, -3/45 HPs)
             Began as an Octopode Berserker on Mar 2, 2023.
             Was a Believer of Trog.
             Slain by an orc
             ... wielding a +0 hand axe
              (6 damage)
             ... on level 5 of the Dungeon.
             The game lasted 00:05:49 (3987 turns).

firemarshallily the Cudgeller (Octopode Berserker)  Turns: 3987, Time: 00:05:50

Health: -3/45      AC: 10    Str: 18    XL:     6   Next: 55%
Magic:  6/6        EV: 14    Int:  9    God:    Trog [**....]
Gold:   242        SH:  0    Dex: 12    Spells: 5/5 levels left

rFire   . . .      SeeInvis .   m - +2 mace (protect)
rCold   . . .      Faith    .   (no shield)
rNeg    . . .      Spirit   .   n - +2 hat
rPois   .          Reflect  .   (no amulet)
rElec   .          Harm     .   (no ring)
rCorr   .          Rampage  .   (no ring)
Will    .....                   (no ring)
Stlth   ++........              (no ring)
HPRegen 0.15/turn               (no ring)
MPRegen 0.10/turn               (no ring)
                                (no ring)
                                (no ring)

@: under a protective aura, on berserk cooldown, slowed, invisible, very slow
A: almost no armour, amphibious, 8 rings, camouflage 1, gelatinous body 1,
(nimble swimmer 1), tentacles
a: Renounce Religion, Berserk, Trog's Hand


You were on level 5 of the Dungeon.
You worshipped Trog.
Trog was pleased with you.
You visited 1 branch of the dungeon, and saw 5 of its levels.

You collected 242 gold pieces.

Inventory:

Hand Weapons
 m - a +2 mace of protection (weapon)
Missiles
 b - 26 stones (quivered)
 c - 8 boomerangs
 t - 6 poisoned darts
Armour
 n - a +2 hat (worn)
Wands
 r - a wand of roots (8)
Scrolls
 e - a scroll of poison {unknown}
 f - a scroll of identify {unknown}
 g - a scroll of immolation {unknown}
 i - 2 scrolls of fear {unknown}
 k - 3 scrolls of fog {unknown}
 l - a scroll of teleportation {unknown}
Potions
 a - a potion of curing {unknown}
 d - a potion of attraction {unknown}
 h - 2 potions of heal wounds {unknown}
 j - 2 potions of invisibility
 o - a potion of mutation {unknown}
 p - a potion of might {unknown}
 q - a potion of brilliance {unknown}
 s - a potion of flight {unknown}
 u - a potion of cancellation {unknown}


   Skills:
 * Level 4.8 Fighting
 * Level 4.8 Maces & Flails
 + Level 2.2 Throwing
 + Level 3.9 Dodging


You had 5 spell levels left.
You didn't know any spells.
Your spell library contained the following spells:

 Spells                   Type           Power      Damage    Failure   Level
 Magic Dart               Conj           0%         1d3       38%         1
 Call Imp                 Summ           0%         N/A       52%         2
 Sublimation of Blood     Necr           0%         N/A       52%         2
 Mephitic Cloud           Conj/Pois/Air  0%         N/A       77%         3
 Petrify                  Tmut/Erth      0%         N/A       99%         4
 Freezing Cloud           Conj/Ice/Air   0%         6-21      100%        5
 Irradiate                Conj/Tmut      0%         3d11      100%        5
 Simulacrum               Ice/Necr       0%         N/A       100%        6
 Polar Vortex             Ice            0%         N/A       100%        9


Dungeon Overview and Level Annotations

Branches:
Dungeon (5/15)             Temple (0/1) D:5

Altars:
Ru

Annotations:
D:5 Blork the orc


Innate Abilities, Weirdness & Mutations

You cannot wear most types of armour.
You are amphibious.
You can wear up to eight rings at the same time.
Your skin changes colour to match your surroundings (Stealth+).
Your rubbery body absorbs attacks. (AC +1, EV +1)
((You are camouflaged when in or above water. (Stealth+)))
You have tentacles for arms and can constrict up to eight enemies at once.


Message History

You kill the white imp!
Trog accepts your kill.
You hear a shout! x2
An orc comes into view. It is wielding a +0 hand axe.
The orc shouts!
The orc priest mumbles some strange prayers to Beogh against you.
You barely resist.
An orc comes into view. It is wielding a +0 hand axe.
An orc comes into view. It is wielding a +0 hand axe.
You feel a strong urge to attack something.
You are no longer berserk.
You are exhausted.
You feel yourself slow down.
Blork the orc begins to cast a cantrip, but forgets the words!
You hit the orc priest but do no damage.
You grab the orc priest. You constrict the orc priest.
The orc priest misses you.
An orc comes into view. It is wielding a +0 short sword.
An orc wizard comes into view. It is wielding a +0 dagger.
The orc shouts!
You hit the orc priest.
The orc priest is lightly wounded.
You constrict the orc priest, but do no damage.
The orc priest barely misses you.
The orc priest mumbles some strange prayers to Beogh against you.
Pain shoots through your body!
* * * LOW HITPOINT WARNING * * *
It was a potion of invisibility.
You fade into invisibility!
You constrict the orc priest. The orc priest hits you with a +0 whip.
* * * LOW HITPOINT WARNING * * *
An orc comes into view. It is wielding a +0 dagger.
The orc hits you with a +0 hand axe.
* * * LOW HITPOINT WARNING * * *
Blork the orc closely misses you.
The orc wizard casts a spell.
The orc wizard flickers and vanishes!
Deactivating autopickup; reactivate with Ctrl-A.
The orc hits you with a +0 hand axe.
You die...

##### #...# ##.#.##
###.....# ###)..#.#.##
####..)###.#..#
#....###...##)##
#..#........#..###
##....##..>..##@o.#
##..##..#......oo#......
.<...#..##...###o...#...
.<>[.....#.### ..#### ..
.........#.# .o#
##....##... ..{# #...##
#.# ##oo ##.## . ##. #.#


You could see Blork the orc (unable to see you), an orc priest (unable to see
you) and 5 orcs.

Vanquished Creatures
  A phantom (D:5)
  A necrophage (D:4)
  A hound (D:4)
  An orc priest (D:5)
  Terence (D:2)
  5 adders
  A white imp (D:5)
  2 dart slugs
  7 orcs (D:5)
  6 endoplasms
  2 giant cockroaches
  A goblin (D:1)
  6 hobgoblins
  2 jackals (D:2)
  7 kobolds
  4 quokkas
  6 ball pythons
  2 bats (D:2)
  A frilled lizard (D:2)
  3 rats
60 creatures vanquished.

Notes
Turn   | Place    | Note
-------+----------+-------------------------------------------
     0 | D:1      | firemarshallily the Octopode Berserker began the quest for
                  | the Orb.
     0 | D:1      | Reached XP level 1. HP: 16/16 MP: 1/1
   236 | D:1      | Reached XP level 2. HP: 21/21 MP: 2/2
  1038 | D:2      | Reached XP level 3. HP: 13/26 MP: 3/3
  1403 | D:2      | Reached ** piety under Trog
  1426 | D:2      | Reached skill level 1 in Throwing
  1502 | D:2      | Found a faded altar of an unknown god.
  1590 | D:2      | Noticed Terence
  1597 | D:2      | Killed Terence
  1598 | D:2      | Reached XP level 4. HP: 12/33 MP: 4/4
  1854 | D:2      | Identified the +0 ring mail of Yschafaseull {Int+4}
  1999 | D:2      | Found a sacrificial altar of Ru.
  2971 | D:3      | Reached XP level 5. HP: 37/37 MP: 5/5
  3929 | D:5      | Entered Level 5 of the Dungeon
  3935 | D:5      | Found a staircase to the Ecumenical Temple.
  3942 | D:5      | Reached XP level 6. HP: 44/44 MP: 6/6
  3981 | D:5      | Noticed Blork the orc
  3987 | D:5      | Slain by an orc

Illustrated notes

Levels and vault maps discovered:
D:1:      mainiacjoe_arrival_reflecting_pool, layout_basic, lemuel_flame_loot_1
D:2:      layout_loops_ring, basic_altar,
          shapermc_ecumenical_altar_totnotflames, uniq_terence
D:3:      layout_loops_cross, skrybe_limestone_x
D:4:      layout_loops_ring
D:5:      layout_layer_cave, minmay_temple_entry_slanted, uniq_blork_the_orc

Skill      XL: |  1  2  3  4  5  6 |
---------------+-------------------+-----
Throwing       | 1 2 |  2.2
Fighting       | 4 |  4.8
Maces & Flails | 4 |  4.8
Dodging        | |  3.9

Action                   |  1- 3 |  4- 6 || total
-------------------------+-------+-------++-------
Melee: Mace              |    58 |    79 ||   137
       Constrict         |    16 |    17 ||    33
       Tentacles         |     9 |    18 ||    27
       Punch             |     1 |     1 ||     2
Invok: Berserk           |     1 |     1 ||     2
  Use: Potion            |       |     1 ||     1
 Stab: Sleeping          |     6 |     4 ||    10
       Distracted        |       |     1 ||     1
Armor: Skin              |     6 |    12 ||    18
Dodge: Dodged            |    35 |    51 ||    86
